Map: Romanticide LE

Players

Denver - Winner!

  • Race: Zerg Zerg
  • League: Grandmaster
  • Spawn Location: 11:00

LiquidMaNa (MaNa)

  • Race: Protoss Protoss
  • League: Grandmaster
  • Spawn Location: 5:00

Event: DreamHack SC2 Masters 2020 Winter

VOD

Have the link to the VOD?

Description

Time

  • Played on: Oct. 30, 2020, 12:37 p.m.
  • Length: 14:42

All games in this series

Show
View Real Time Build Order
Export as new Build Order

Denver Zerg - Winner!

Build Orders: Hatch First 

Get SALT Encoding   

  12  0:00  Drone  
  13  0:12  Overlord  
  13  0:17  Drone  
  14  0:31  Drone x2  
  16  0:50  Hatchery  
  16  0:52  Drone  
  16  0:55  Drone  
  17  0:59  Drone  
  18  1:09  Extractor  
  17  1:14  Spawning Pool  
  17  1:16  Drone  
  17  1:20  Drone  
  18  1:30  Drone  
  19  1:39  Drone  
  20  1:49  Overlord  
  20  2:01  Queen x2  
  20  2:02  Zergling x4  
  26  2:12  Metabolic Boost  
  26  2:13  Drone x2  
  28  2:22  Drone  
  29  2:24  Drone  
  30  2:35  Hatchery  
  29  2:40  Drone x2  
  31  2:45  Overlord  
  31  2:49  Drone  
  32  2:54  Queen  
  32  2:58  Drone  
  35  3:03  Drone  
  36  3:06  Drone x2  
  36  3:10  Drone x3  
  41  3:22  Drone x2  
  42  3:27  Drone  
  42  3:31  Overlord  
  42  3:44  Overlord  
  42  3:45  Drone  
  42  3:46  Queen  
  45  3:49  Drone x5  
  45  3:50  Roach Warren  
  45  3:53  Extractor  
  48  3:58  Overlord x3  
  50  4:05  Drone x3  
  50  4:06  Spore Crawler x2  
  51  4:15  Drone x3  
  54  4:17  Spore Crawler, Queen  
  54  4:19  Drone  
  56  4:24  Lair  
  56  4:26  Drone  
  56  4:27  Drone  
  58  4:31  Drone  
  58  4:32  Drone x3  
  62  4:41  Roach Warren, Zergling x6  
  62  4:45  Zergling x2  
  65  4:50  Zergling x2  
  66  4:54  Zergling x2  
  66  4:55  Zergling x12  
  73  5:00  Extractor  
  73  5:02  Drone x4  
  76  5:13  Overlord  
  76  5:14  Overlord  
  76  5:20  Drone x3  
  76  5:21  Drone  
  80  5:22  Roach  
  80  5:23  Glial Reconstitution  
  80  5:24  Overlord  
  80  5:25  Extractor  
  81  5:30  Overlord  
  81  5:34  Roach x5  
  87  5:36  Zergling x6  
  87  5:41  Zergling x2  
  87  5:42  Zergling x2  
  91  5:46  Roach  
  93  5:51  Roach x4  
  99  5:57  Zergling x4  
  99  5:58  Zergling x8  
  99  6:02  Drone  
  99  6:03  Drone x2  
  98  6:05  Extractor x2  
  91  6:12  Drone x2  
  89  6:24  Drone x9  
  94  6:30  Drone  
  94  6:35  Spire  
  94  6:37  Drone  
  94  6:38  Drone  
  95  6:41  Extractor  
  95  6:46  Drone x3  
  97  6:51  Drone x2  
  97  6:56  Drone x3  
  97  6:58  Drone  
  97  6:59  Drone, Hatchery  
  100  7:04  Evolution Chamber  
  100  7:07  Drone x4  
  101  7:15  Overlord  
  101  7:19  Overlord  
  101  7:29  Overlord  
  95  7:46  Mutalisk x7  
  95  7:47  Mutalisk x3  
  114  7:52  Roach x6  
  114  7:55  Roach  
  127  8:00  Mutalisk x2  
  131  8:16  Roach x3  
  131  8:17  Overlord x2  
  131  8:18  Overlord  
  135  8:31  Mutalisk x3  
  127  8:38  Extractor x2  
  127  8:40  Drone x2  
  127  8:46  Zerg Flyer Weapons Level 1  
  127  8:47  Drone  
  127  8:48  Drone x7  
  135  8:53  Hatchery  
  132  9:02  Mutalisk x2  
  134  9:04  Overlord  
  134  9:05  Drone  
  134  9:09  Zerg Missile Weapons Level 1  
  137  9:11  Mutalisk  
  137  9:15  Hatchery  
  138  9:19  Mutalisk  
  138  9:21  Overlord  
  140  9:25  Mutalisk  
  140  9:27  Overlord  
  140  9:29  Overlord  
  140  9:31  Zergling x16  
  150  9:35  Mutalisk  
  152  9:48  Mutalisk x3  
  152  9:50  Zergling x16  
  164  9:58  Hydralisk Den  
  164  9:59  Overlord  
  159  10:06  Zergling x14  
  162  10:10  Drone x3  
  165  10:18  Drone x5  
  170  10:22  Overlord  
  170  10:30  Hydralisk x7  
  182  10:37  Muscular Augments  
  182  10:41  Drone x2  
  182  10:42  Drone  
  185  10:44  Baneling Nest  
  185  10:48  Hydralisk  
  185  10:49  Hydralisk x3  
  190  10:56  Drone x7  
  197  11:00  Drone  
  197  11:01  Drone x2  
  200  11:12  Spore Crawler  
  199  11:24  Zerg Melee Weapons Level 1  
  199  11:29  Centrifical Hooks  
  197  11:49  Extractor  
  197  11:50  Baneling  
  197  11:51  Baneling x25  
  197  11:52  Zergling x2  
  197  11:53  Zergling x6  
  200  12:00  Evolution Chamber  
  197  12:07  Baneling x6  
  197  12:13  Hydralisk  
  197  12:14  Hydralisk x4  
  197  12:17  Zergling x20  
  190  12:23  Hydralisk x2  
  190  12:24  Hydralisk x3  
  190  12:31  Hydralisk x8  
  190  12:32  Hydralisk  
  190  12:38  Hydralisk x7  
  190  12:39  Zergling x4  
  190  12:40  Zergling x4, Hydralisk  
  186  12:45  Hydralisk x5  
  186  12:47  Zergling x24  
  186  12:49  Queen  
  186  12:50  Queen  
  190  12:52  Zergling x8  
  182  13:00  Hydralisk x6  
  171  13:08  Hydralisk x2  
  171  13:09  Hydralisk x2  
  139  13:15  Hydralisk x2  
  135  13:23  Drone x8  
  135  13:24  Drone  
  140  13:27  Zergling x4  
  142  13:35  Baneling x13  
  142  13:39  Zergling x8  
  146  13:51  Hydralisk x2  
  146  13:55  Zergling x10  
  152  14:02  Baneling x9  
  151  14:05  Zergling x12  
  157  14:14  Zergling x18  
  159  14:21  Zergling x10  
  159  14:22  Zergling x6  
Show
View Real Time Build Order
Export as new Build Order

LiquidMaNa Protoss 

Build Orders: 1 Gate Expand, Oracle Opening, Chargelot Immortal 

Get SALT Encoding   

  12  0:00  Probe  
  13  0:12  Probe  
  14  0:19  Pylon  
  14  0:24  Probe  
  15  0:38  Probe (Chrono Boost)  
  16  0:43  Gateway  
  16  0:46  Probe (Chrono Boost)  
  17  0:51  Assimilator  
  17  0:52  Probe  
  18  1:04  Probe (Chrono Boost)  
  19  1:14  Probe (Chrono Boost)  
  20  1:18  Probe (Chrono Boost)  
  21  1:32  Nexus  
  21  1:40  Cybernetics Core  
  21  1:44  Assimilator  
  21  1:47  Probe  
  22  1:55  Pylon  
  22  1:59  Probe  
  23  2:13  Probe  
  23  2:14  Adept (Chrono Boost)  
  24  2:17  Warp Gate  
  26  2:25  Stargate, Probe  
  27  2:36  Adept  
  29  2:39  Probe (Chrono Boost)  
  29  2:44  Probe (Chrono Boost)  
  32  2:54  Probe x2 (Chrono Boost)  
  33  3:00  Void Ray (Chrono Boost)  
  33  3:01  Probe  
  33  3:04  Pylon  
  34  3:06  Probe  
  39  3:13  Probe  
  39  3:18  Probe  
  41  3:22  Gateway  
  41  3:25  Probe  
  42  3:33  Probe  
  43  3:36  Oracle  
  43  3:38  Probe  
  47  3:43  Twilight Council  
  47  3:45  Probe  
  48  3:49  Pylon  
  48  3:50  Probe  
  49  3:58  Probe  
  49  4:02  Probe  
  51  4:08  Adept  
  51  4:09  Nexus  
  53  4:16  Adept  
  55  4:21  Gateway x2  
  55  4:24  Resonating Glaives (Chrono Boost)  
  55  4:28  Pylon  
  55  4:30  Adept  
  57  4:36  Probe x2  
  57  4:38  Pylon  
  59  4:48  Probe x2  
  59  4:52  Adept x2  
  65  4:59  Assimilator  
  65  5:00  Probe x2  
  65  5:01  Assimilator  
  67  5:08  Robotics Facility  
  67  5:10  Robotics Facility  
  67  5:16  Adept x3  
  67  5:20  Adept  
  75  5:22  Probe x2  
  75  5:27  Probe  
  78  5:31  Shield Battery  
  78  5:34  Probe  
  79  5:37  Probe  
  79  5:41  Zealot x2, Sentry x2  
  88  5:46  Probe  
  89  6:04  Immortal x2 (Chrono Boost)  
  89  6:05  Probe  
  90  6:15  Probe  
  87  6:23  Probe  
  80  6:27  Zealot, Sentry  
  80  6:28  Zealot x2  
  87  6:37  Forge, Immortal (Chrono Boost)  
  90  6:40  Immortal (Chrono Boost)  
  90  6:44  Pylon  
  90  6:45  Pylon  
  93  6:49  Shield Battery  
  93  6:51  Shield Battery  
  93  7:03  Shield Battery  
  93  7:04  Probe x2  
  93  7:05  Zealot x3, Sentry  
  93  7:07  Probe  
  104  7:11  Protoss Ground Weapons Level 1 (Chrono Boost)  
  104  7:16  Probe x2  
  104  7:17  Warp Prism (Chrono Boost)  
  104  7:18  Gateway  
  104  7:20  Templar Archives  
  108  7:24  Charge  
  108  7:27  Probe  
  108  7:29  Assimilator  
  109  7:31  Assimilator  
  109  7:36  Pylon  
  109  7:39  Pylon  
  106  7:56  Immortal  
  106  7:57  Immortal  
  113  8:00  Probe x2  
  111  8:06  Phoenix  
  111  8:12  Stalker x4  
  121  8:26  Stalker  
  121  8:30  Probe  
  121  8:32  Stargate  
  106  8:34  Stargate, Probe  
  106  8:35  Probe  
  106  8:40  Phoenix (Chrono Boost)  
  96  8:45  Stalker x3, Photon Cannon  
  102  8:55  Stalker x2  
  102  8:57  Probe  
  105  9:05  Phoenix (Chrono Boost)  
  105  9:06  Probe x2  
  105  9:09  Photon Cannon, Probe  
  110  9:11  Zealot  
  112  9:18  Phoenix x2 (Chrono Boost)  
  112  9:23  Stalker x2  
  120  9:30  Probe x3  
  121  9:34  Pylon  
  121  9:35  Pylon  
  120  9:39  Phoenix (Chrono Boost)  
  119  9:51  Phoenix  
  120  9:53  Fleet Beacon  
  120  9:59  Phoenix  
  122  10:00  Probe x3  
  125  10:07  Phoenix  
  125  10:12  Probe x3  
  130  10:21  Phoenix  
  130  10:22  Protoss Air Weapons Level 1 (Chrono Boost)  
  130  10:24  Phoenix  
  133  10:31  Anion Pulse-Crystals (Chrono Boost)  
  132  10:40  Probe x2  
  134  10:51  High Templar x2, Zealot  
  134  10:54  Nexus  
  134  10:55  Archon  
  134  10:56  Pylon  
  140  11:02  Photon Cannon  
  139  11:12  Pylon, Zealot  
  139  11:13  Pylon  
  139  11:17  Photon Cannon  
  141  11:22  Warp Prism  
  140  11:32  Nexus  
  140  11:38  High Templar x4, Nexus, Zealot  
  150  11:42  Archon x2  
  150  11:45  Psionic Storm  
  150  11:46  Pylon  
  150  11:47  Immortal  
  154  11:56  Pylon  
  154  11:58  Observer  
  155  12:04  Sentry  
  157  12:08  Gateway  
  157  12:11  Gateway  
  157  12:12  Gateway  
  157  12:15  Gateway  
  157  12:21  Zealot x4  
  161  12:24  Probe x2  
  148  12:32  Probe  
  148  12:36  Probe  
  148  12:42  Probe  
  122  12:47  Stalker x4  
  126  12:54  Probe x2  
  120  13:00  Zealot  
  116  13:11  Zealot x7  
  94  13:15  Probe x4  
  84  13:25  Immortal x2 (Chrono Boost)  
  84  13:26  High Templar x3  
  92  13:27  Probe x2  
  92  13:30  High Templar  
  96  13:34  Archon  
  96  13:35  High Templar x2, Archon  
  96  13:39  Probe x3  
  102  13:43  Zealot  
  111  14:16  Zealot x3  
  106  14:25  High Templar x2  
  106  14:26  High Templar  
  106  14:27  High Templar  
  106  14:29  Archon  
  94  14:32  Archon  
  94  14:34  Zealot  
Tags
 
Add a new tag
Caveats
  • Supply blocks, unpowered buildings, or Contaminate may cause inaccurate times.
  • Supply counts are checked every 10 seconds.